 Dungeon Crawl Stone Soup version 0.20-a0-187-ge5586d949a (webtiles) character file.

38 feito the Gusty (level 3, -1/21 HPs)
             Began as a High Elf Air Elementalist on Nov 23, 2016.
             Slain by a killer bee (5 damage)
             ... on level 2 of the Dungeon.
             The game lasted 00:14:15 (1755 turns).

feito the Gusty (High Elf Air Elementalist)         Turns: 1755, Time: 00:14:15

Health: -1/21      AC:  4    Str:  7    XL:     3   Next: 25%
Magic:  0/8        EV: 13    Int: 24    God:
Gold:   58         SH:  0    Dex: 16    Spells: 5/8 levels left

rFire  . . .     SeeInvis .     e - +0 dagger
rCold  . . .     Gourm    .     a - +0 robe
rNeg   . . .     Faith    .     (no shield)
rPois  .         Spirit   .     (no helmet)
rElec  .         Reflect  .     s - +0 cloak
rCorr  .         Harm     .     (no gloves)
MR     .....                    d - +0 pair of boots
Stlth  ++........               (no amulet)
                                (no ring)
                                (no ring)

@: brilliant
A: no striking features
a: no special abilities


You were on level 2 of the Dungeon.
You were hungry.

You visited 1 branch of the dungeon, and saw 3 of its levels.

You collected 58 gold pieces.

Inventory:

Hand Weapons
 e - a +0 dagger (weapon)
Missiles
 f - 44 arrows
Armour
 a - a +0 robe (worn)
 d - a +0 pair of boots (worn)
 s - a +0 cloak (worn)
Scrolls
 k - a scroll of enchant armour {unknown}
 l - a scroll of teleportation {unknown}
 o - 2 scrolls of identify {unknown}
Books
 b - a book of Air

   Spells                             Type                      Level
   a - Shock                          Conjuration/Air              1
   b - Swiftness                      Charms/Air                   2
   c - Repel Missiles                 Charms/Air                   2
   d - Static Discharge               Conjuration/Air              3
   e - Lightning Bolt                 Conjuration/Air              5
Comestibles
 c - 4 bread rations
 g - a beef jerky
 i - 3 royal jellies
 j - 2 meat rations
 p - 2 fruits
 r - 2 chunks of flesh


   Skills:
 + Level 2.3 Dodging
 + Level 2.4 Stealth
 * Level 3.1 Spellcasting
 + Level 1.7 Conjurations
 * Level 4.2 Air Magic


You had 5 spell levels left.
You knew the following spells:

 Your Spells              Type           Power        Failure   Level  Hunger
a - Shock                 Conj/Air       ####         1%          1    None
b - Swiftness             Chrm/Air       ####....     1%          2    ##.....


Dungeon Overview and Level Annotations

Branches:
Dungeon (3/15)

Altars:


Message History

The killer bee misses you.
Casting: Shock
Confirm with . or Enter, or press ? or * to list all spells.
Aiming: Shock
Press: ? - help, Shift-Dir - straight line, f/p - killer bee
Aim: a killer bee (heavily wounded)
The zap misses the killer bee.
The zap hits the goblin.
The goblin is heavily wounded.
The killer bee closely misses you. The killer bee barely misses you.
The killer bee stings you.
There is a stone staircase leading up here.
As you read the scroll labeled ULALEPN LOENN, it crumbles to dust.
It is a scroll of amnesia.
Forget which spell ([?*] list [ESC] exit)?
Forget which spell ([?*] list [ESC] exit)?
Okay, then.
The killer bee stings you.
* * * LOW HITPOINT WARNING * * *
The killer bee stings you.
You die...

############# ............# ###
###.#.#####.# #####.##
##.......##.###.##...######
......##..................#
.#....#####.#...@....####.#
.....<..# #.##..y##.## #.#
#####...###.###g##### #.#
###.#.......# #.# ####.#####
..#.##.###### #.# #........#
..#..#.# ##'## #.##.###.#
.P#..#.## ##.>.## #.##.###.#
....P#..# ##.....## #.##...#.#
.P#.P##†####.......###.##.#.#.#


You could see a killer bee and a goblin.

Vanquished Creatures
  An ooze (D:2)
  2 giant cockroaches
  4 goblins
  4 hobgoblins (D:1)
  3 quokkas (D:2)
  A ball python (D:2)
  7 bats
  4 kobolds
  5 rats
31 creatures vanquished.

Notes
Turn   | Place    | Note
-------+----------+-------------------------------------------
     0 | D:1      | feito the High Elf Air Elementalist began the quest for the Orb.
     0 | D:1      | Reached XP level 1. HP: 11/11 MP: 4/4
   215 | D:1      | Reached XP level 2. HP: 11/17 MP: 3/6
   221 | D:1      | Learned a level 2 spell: Swiftness
   285 | D:1      | Reached skill level 4 in Air Magic
  1042 | D:2      | Found a faded altar of an unknown god.
  1228 | D:2      | Reached XP level 3. HP: 21/21 MP: 3/8
  1703 | D:3      | Noticed a killer bee
  1703 | D:3      | Noticed a killer bee
  1705 | D:3      | Noticed a killer bee
  1732 | D:3      | Noticed a killer bee
  1755 | D:2      | Slain by a killer bee

Vault maps used:
D:1:      tarquinn_simple_flora_water_f, grunt_decor_one_mirror
D:2:      first_bread, chequers_ecumenical_altar_lobes, minmay_misc_feat_cross
D:3:      okawaru_altar_gauntlet_db

Skill      XL: |  1  2 |
---------------+-------+-----
Air Magic      | 4 |  4.2
Spellcasting   | 3 |  3.1
Dodging        | |  2.3
Stealth        | |  2.4
Conjurations   | |  1.7

Action                   || total
-------------------------++-------
Melee: Dagger            ||    20
       Unarmed           ||     3
 Cast: Shock             ||    54
       Swiftness         ||     2
  Use: Potion            ||     4
       Scroll            ||     1
  Eat: Chunk             ||     2
Armor: Robe              ||    17
Dodge: Dodged            ||    64
